 Dungeon Crawl Stone Soup version 0.23.0-3-gf3c87f2 (webtiles) character file.

Game seed: 14643256672201440185

114 Borgoz the Ruffian (level 4, -1/35 (36) HPs)
             Began as a Ghoul Warper on Feb 25, 2019.
             Slain by a sky beast (5 damage)
             ... on level 2 of the Dungeon.
             The game lasted 00:02:25 (973 turns).

Borgoz the Ruffian (Ghoul Warper)                    Turns: 973, Time: 00:02:26

HP:   -1/35 (36)    AC:  3    Str: 19    XL:     4   Next: 97%
MP:   6/6           EV: 12    Int:  8    God:
Gold: 17            SH:  0    Dex:  9    Spells: 5/7 levels left

rFire    . . .     SeeInvis .     - Unarmed
rCold    + . .     Gourm    .   (no shield)
rNeg     + + +     Faith    .   a - +0 leather armour
rPois    ∞         Spirit   .   (no helmet)
rElec    .         Reflect  .   (no cloak)
rCorr    .         Harm     .   (no gloves)
MR       .....                  (no boots)
Stlth    +.........             (no amulet)
HPRegen  0.00/turn              (no ring)
MPRegen  0.10/turn              (no ring)

@: mighty, rotting
A: rotting body, claws 1, carnivore, cold resistance 1, negative energy
resistance 3, inhibited regeneration, torment resistance, unbreathing
a: no special abilities


You were on level 2 of the Dungeon.
You were not hungry.

You visited 1 branch of the dungeon, and saw 2 of its levels.

You collected 17 gold pieces.

Inventory:

Missiles
 d - 5 tomahawks of dispersal (quivered)
Armour
 a - a +0 leather armour (worn)
Wands
 l - a wand of random effects (9)
Scrolls
 b - a scroll of identify {unknown}
 c - a scroll of blinking
 e - a scroll of teleportation {unknown}
 i - a scroll of magic mapping {unknown}
 j - a scroll of enchant weapon {unknown}
Potions
 h - a potion of curing {unknown}
 m - a potion of heal wounds
Comestibles
 f - 6 rations
 g - 7 chunks of flesh


   Skills:
 + Level 2.3 Fighting
 - Level 0.8 Throwing
 + Level 1.8 Armour
 + Level 2.1 Dodging
 + Level 4.4 Unarmed Combat
 + Level 2.1 Spellcasting
 + Level 2.7 Translocations


You had 5 spell levels left.
You knew the following spells:

 Your Spells              Type           Power        Failure   Level  Hunger
a - Blink                 Tloc           N/A          21%         2    ###....

Your spell library contained the following spells:

 Spells                   Type           Power        Failure   Level  Hunger
 Shroud of Golubria       Chrm/Tloc      #.........   34%         2    ###....
 Gell's Gravitas          Tloc           #.........   38%         3    ####...
 Lesser Beckoning         Tloc           #.........   38%         3    ####...
 Teleport Other           Tloc           #.......     38%         3    ####...
 Passage of Golubria      Tloc           N/A          80%         4    #####..


Dungeon Overview and Level Annotations

Branches:
Dungeon (2/15)

Altars:


Innate Abilities, Weirdness & Mutations

Your body is rotting away.
You thrive on raw meat.
You are immune to poison.
You have sharp fingernails.
You are carnivorous and can eat meat at any time.
Your flesh is cold resistant. (rC+)
You are immune to negative energy. (rN+++)
You do not regenerate when monsters are visible.
You are immune to unholy pain and torment.
You can survive without breathing.


Message History

A sky beast comes into view.
The sky beast flickers out of sight!
Deactivating autopickup; reactivate with Ctrl-A.
A sky beast appears from thin air!
Reactivating autopickup.
The sky beast flickers out of sight!
Deactivating autopickup; reactivate with Ctrl-A.
Something hits you. Something shocks you.
Something hits you but does no damage. x2
You claw something! Something hits you. Something shocks you.
You closely miss something. Something hits you but does no damage.
Something barely misses you.
You claw something!
You feel yourself speed up. Something hits you. Something shocks you.
* * * LOW HITPOINT WARNING * * *
You barely miss something. Something hits you.
* * * LOW HITPOINT WARNING * * *
Something shocks you.
You die...

#............#######.#
#.................##.#
#.....................
###.....................
#.........####..........
...........[............
#.....%...########......
#.......{.# #######
#......@..# ######
#.........# ###....#
............. ........
#.........##... ###....#
#.........# .. #....#
#.........# . #....#
####......# #.[..#
........ #....# #....#


There were no monsters in sight!

Vanquished Creatures
  Jessica (D:2)
  Natasha (D:2)
  2 adders (D:2)
  An ooze (D:1)
  A worm (D:2)
  2 dart slugs (D:1)
  2 leopard geckos
  2 giant cockroaches
  3 goblins (D:1)
  3 hobgoblins
  2 jackals (D:1)
  5 kobolds
  5 bats (D:1)
  2 frilled lizards (D:1)
  A rat (D:2)
33 creatures vanquished.

Notes
Turn   | Place    | Note
-------+----------+-------------------------------------------
     0 | D:1      | Borgoz the Ghoul Warper began the quest for the Orb.
     0 | D:1      | Reached XP level 1. HP: 17/17 MP: 2/2
   390 | D:1      | Reached XP level 2. HP: 9/24 MP: 3/3
   396 | D:1      | Reached skill level 1 in Armour
   512 | D:1      | Reached XP level 3. HP: 21/29 MP: 4/4
   514 | D:1      | Reached skill level 3 in Unarmed Combat
   554 | D:1      | Learned a level 2 spell: Blink
   747 | D:1      | You fall through a shaft!
   939 | D:2      | Noticed Jessica
   942 | D:2      | Noticed Natasha
   947 | D:2      | Reached XP level 4. HP: 34/36 MP: 6/6
   953 | D:2      | Killed Jessica
   957 | D:2      | Killed Natasha
   957 | D:2      | Reached skill level 4 in Unarmed Combat
   965 | D:2      | Noticed a sky beast
   973 | D:2      | Slain by a sky beast

Skill      XL: |  1  2  3  4 |
---------------+-------------+-----
Dodging        | 2 |  2.1
Armour         | 1 |  1.8
Spellcasting   | 2 |  2.1
Unarmed Combat | 3 4 |  4.4
Fighting       | |  2.3
Throwing       | |  0.8
Translocations | |  2.7

Action                   |  1- 3 |  4- 6 || total
-------------------------+-------+-------++-------
Melee: Unarmed           |    98 |    15 ||   113
       Punch             |     1 |       ||     1
  Use: Potion            |       |     2 ||     2
  Eat: Chunk             |     8 |       ||     8
Armor: Leather armour    |    26 |     6 ||    32
Dodge: Dodged            |    62 |     8 ||    70
